 Dungeon Crawl Stone Soup version 0.18.1-48-g4cf74bf (webtiles) character file.

5579 TuxedoFelix the Blocker (level 10, 0/90 HPs)
             Began as a Hill Orc Fighter on July 9, 2016.
             Slain by a yak (3 damage)
             ... on level 9 of the Dungeon on July 10, 2016.
             The game lasted 01:46:07 (12715 turns).

TuxedoFelix the Blocker (Hill Orc Fighter)         Turns: 12715, Time: 01:46:07

Health: 0/90       AC: 20    Str: 27    XL:     10   Next: 72%
Magic:  10/10      EV:  8    Int:  8    God:
Gold:   243        SH: 12    Dex: 10    Spells: 0 memorised, 9 levels left

rFire  . . .     SeeInvis +     t - +9 mace (crush)
rCold  . . .     Gourm    .     J - +0 plate armour
rNeg   . . .     Faith    .     c - +0 shield
rPois  .         Spirit   .     (no helmet)
rElec  .         Dismiss  .     o - +0 cloak
rCorr  .         Reflect  .     r - +2 pair of gloves
SustAt +         Harm     .     k - +0 pair of boots
MR     .....                    I - amulet "Xupebbatt" {Inacc Str+4}
Stlth  ..........               f - ring of see invisible
                                D - ring of sustain attributes

@: flying, very slightly contaminated, hasted, very quick, not resistant to
hostile enchantments, extremely unstealthy
A: no striking features
a: Convert to Beogh


You were on level 9 of the Dungeon.
You were not hungry.

You visited 1 branch of the dungeon, and saw 9 of its levels.

You collected 471 gold pieces.
You spent 228 gold pieces at shops.

Inventory:

Hand Weapons
 j - a +0 scythe of venom
 t - a +9 mace of crushing (weapon)
 u - a +2 quarterstaff of chaos
 A - a +2 flail of crushing
 C - a +0 morningstar
Missiles
 p - 7 tomahawks (quivered)
Armour
 c - a +0 shield (worn)
 k - a +0 pair of boots (worn)
 o - a +0 cloak (worn)
 r - a +2 pair of gloves (worn)
 J - a +0 plate armour (worn)
Jewellery
 f - a ring of see invisible (right hand)
 D - a ring of sustain attributes (left hand)
 I - the amulet "Xupebbatt" (around neck) {Inacc Str+4}
   (You bought it in a shop on level 6 of the Dungeon)

   [amulet of inaccuracy]

   It reduces the accuracy of all your attacks.
   It affects your strength (+4).
Wands
 y - a wand of lightning (0/15)
 K - a wand of confusion (19/48)
Scrolls
 d - a scroll of noise
 l - a scroll of recharging
 m - 4 scrolls of magic mapping
 n - a scroll of enchant weapon
 v - a scroll of random uselessness
 M - a scroll of remove curse
Potions
 a - a potion of lignification {unknown}
 b - a potion of cure mutation {unknown}
 g - a potion of haste
 h - a potion of berserk rage
 q - a potion of invisibility
 s - a potion of heal wounds {unknown}
 z - 2 potions of degeneration {unknown}
 E - a potion of beneficial mutation {unknown}
 F - a potion of resistance {unknown}
 G - a potion of flight
 H - a potion of cancellation {unknown}
Books
 x - a book of Death

   Spells                             Type                      Level
   a - Corpse Rot                     Necromancy                   2
   b - Sublimation of Blood           Necromancy                   2
   c - Agony                          Necromancy                   5
   d - Dispel Undead                  Necromancy                   5
   e - Excruciating Wounds            Charms/Necromancy            5
   f - Bolt of Draining               Conjuration/Necromancy       5
Comestibles
 w - 2 bread rations
 B - 14 fruits


   Skills:
 + Level 8.6 Fighting
   Level 3.8(6.3) Axes
 + Level 6.5(6.8) Maces & Flails
 + Level 8.6 Armour
 + Level 4.9 Dodging
 + Level 1.9 Stealth
 + Level 9.6 Shields


You had 9 spell levels left.
You didn't know any spells.

Dungeon Overview and Level Annotations

Branches:
Dungeon (9/15)             Temple (0/1) D:5
   Lair: D:8-11         Orc: D:9-12

Altars:
Cheibriados
Dithmenos
Elyvilon
Fedhas
Makhleb
Nemelex Xobeh

Shops:
D:6 =*[


Message History

You sock the yak!
The yak is heavily wounded.
The orc priest shouts!
You barely miss the yak.
The yak is heavily wounded.
The orc priest shouts!
You block the orc warrior's attack.
Your shield and plate armour prevent you from hitting the yak.
The yak barely misses you. The orc warrior closely misses you.
You block the yak's attack. x2
You closely miss the yak.
You flicker back into view.
The yak bellows!
The yak barely misses you.
You closely miss the yak. The orc warrior closely misses you.
You block the yak's attack. The yak misses you.
The elephant completely misses you.
The elephant trunk-slaps you but does no damage.
The yak gores you.
You die...

#.# #..# .... #.#
#..# ... #Y# #..#
Y. . #.# #..# .
..#####.# #..#
........# #..#
.......Y###..#
#.......Y..§§######
..####
#.####...Y.§§§OY@o#
....Y. #
#....§§§§YYYY#
......
#..##§§#####t#
...### #..##§§# #o#
. #..##..# #.#
#..##?.# #.#
#..##..# #.#
#..##..# #.# ..
#..##..# #.. ...


You could see an elephant, 4 yaks, an orc warrior, a crocodile, an ogre and an
orc priest.

Vanquished Creatures
  The ghost of Rationalist the Blocker, a novice FoFi of Gozag (D:7)
  The ghost of daning the Slasher, a novice HESk (D:4)
  Sigmund (D:6)
  2 wyverns
  A hungry ghost (D:7)
  The ghost of Aquadorian the Ruffian, an amateur DrTm of the Shining One (D:3)
  Menkaure (D:5)
  Edmund (D:5)
  2 ice beasts
  2 sky beasts
  3 orc warriors
  A black bear (D:8)
  2 phantoms
  4 ogres
  A centaur (D:9)
  Blork the orc (D:5)
  A gnoll sergeant (D:8)
  A giant frog (D:8)
  4 scorpions
  A water moccasin skeleton (D:5)
  9 killer bees
  3 wights (D:8)
  6 howler monkeys
  2 crimson imps
  3 jellies
  7 orc wizards
  Crazy Yiuf (D:5)
  2 centaur skeletons
  A gnoll shaman (D:4)
  2 orc priests
  5 hounds
  2 giant frog skeletons (D:8)
  2 iguanas
  Terence (D:3)
  6 worker ants
  A killer bee zombie (D:7)
  2 hound skeletons
  A worker ant zombie (D:5)
  4 gnolls (D:4)
  8 adders
  7 shadow imps
  2 oozes
  An adder skeleton (D:7)
  4 worms
  A dart slug (D:1)
  11 giant geckos
  18 orcs
  6 giant cockroaches
  7 goblins
  9 hobgoblins
  14 jackals
  3 quokkas
  11 bats
  A giant gecko skeleton (D:4)
  5 giant newts
  A jackal zombie (D:5)
  11 kobolds
  2 quokka skeletons
  A quokka zombie (D:8)
  12 rats
227 creatures vanquished.

Vanquished Creatures (others)
  A fungus (D:9)
  A plant (D:9)
2 creatures vanquished.

Grand Total: 229 creatures vanquished

Notes
Turn   | Place    | Note
--------------------------------------------------------------
     0 | D:1      | TuxedoFelix the Hill Orc Fighter began the quest for the Orb.
     0 | D:1      | Reached XP level 1. HP: 19/19 MP: 1/1
   321 | D:1      | Reached XP level 2. HP: 27/27 MP: 2/2
   898 | D:1      | Reached XP level 3. HP: 26/33 MP: 3/3
  1440 | D:2      | Reached XP level 4. HP: 29/40 MP: 4/4
  2039 | D:2      | Reached skill level 1 in Dodging
  2141 | D:2      | Reached skill level 4 in Shields
  2525 | D:3      | Noticed Terence
  2531 | D:3      | Killed Terence
  2531 | D:3      | Reached XP level 5. HP: 41/46 MP: 5/5
  2539 | D:3      | Noticed Aquadorian's ghost (amateur DrTm)
  2546 | D:3      | Killed Aquadorian's ghost
  2546 | D:3      | Reached XP level 6. HP: 42/53 MP: 6/6
  2829 | D:3      | Reached skill level 5 in Shields
  4002 | D:4      | Reached XP level 7. HP: 55/60 MP: 7/7
  4066 | D:4      | Reached skill level 1 in Maces & Flails
  4360 | D:4      | Reached skill level 5 in Armour
  4592 | D:4      | Reached skill level 5 in Fighting
  4772 | D:4      | Noticed daning's ghost (novice HESk)
  4783 | D:4      | Killed daning's ghost
  4783 | D:4      | Reached skill level 1 in Stealth
  4783 | D:4      | Reached XP level 8. HP: 50/68 MP: 8/8
  5238 | D:4      | Reached skill level 6 in Shields
  5267 | D:4      | Found a sparkling altar of Nemelex Xobeh.
  5268 | D:4      | Found a shadowy altar of Dithmenos.
  5271 | D:4      | Found a burning altar of Makhleb.
  5273 | D:4      | Found a snail-covered altar of Cheibriados.
  5275 | D:4      | Found a white marble altar of Elyvilon.
  5278 | D:4      | Found a blossoming altar of Fedhas.
  5540 | D:5      | Entered Level 5 of the Dungeon
  5540 | D:5      | Noticed Menkaure
  5557 | D:5      | Killed Menkaure
  5945 | D:5      | Noticed Blork the orc
  5956 | D:5      | Killed Blork the orc
  6085 | D:5      | Noticed Edmund
  6096 | D:5      | Killed Edmund
  6396 | D:5      | Found a staircase to the Ecumenical Temple.
  6454 | D:5      | Reached XP level 9. HP: 56/78 MP: 9/9
  6658 | D:5      | Noticed Crazy Yiuf
  6665 | D:5      | Killed Crazy Yiuf
  7399 | D:6      | Found Tobiuhodd's Assorted Antiques.
  7411 | D:6      | Bought a scroll labeled ORISU ZAEF for 31 gold pieces
  7411 | D:6      | Bought a scroll labeled HEUHE LESYOCZE for 31 gold pieces
  7576 | D:6      | Reached skill level 7 in Shields
  7679 | D:6      | Found Alenuynt's Jewellery Shop.
  7689 | D:6      | Bought the amulet "Xupebbatt" {Inacc Str+4} for 166 gold pieces
  7838 | D:6      | Found Ymabbiur's Armour Boutique.
  7980 | D:6      | Noticed Sigmund
  7994 | D:6      | Killed Sigmund
  7994 | D:6      | Reached skill level 5 in Maces & Flails
  9589 | D:7      | Reached skill level 8 in Shields
  9852 | D:7      | Reached XP level 10. HP: 86/86 MP: 10/10
  9866 | D:7      | Noticed Rationalist's ghost (novice FoFi)
  9895 | D:7      | Killed Rationalist's ghost
 10642 | D:8      | Found a blossoming altar of Fedhas.
 11383 | D:8      | Reached skill level 9 in Shields
 12670 | D:9      | Noticed an elephant
 12696 | D:9      | HP: 1/90 [elephant (8)]
 12701 | D:9      | HP: 1/90 [crocodile (2)]
 12715 | D:9      | Slain by a yak

Skill      XL: |  1  2  3  4  5  6  7  8  9 10 |
---------------+-------------------------------+-----
Fighting       | 4 5 6 7 8 |  8.6
Axes           | 3 |  3.8
Armour         | 4 5 6 7 8 |  8.6
Dodging        | 1 2 3 4 |  4.9
Shields        | 4 5 6 8 9 |  9.6
Maces & Flails | 2 4 5 6 |  6.5
Stealth        | 1 |  1.9

Action                   |  1- 3 |  4- 6 |  7- 9 | 10-12 || total
-------------------------+-------+-------+-------+-------++-------
Melee: War axe           |   120 |    87 |       |       ||   207
       Mace              |       |    51 |   290 |   237 ||   578
       Flail             |       |       |   118 |       ||   118
Evoke: Wand              |       |       |       |     1 ||     1
  Use: Scroll            |       |     3 |    16 |     5 ||    24
       Potion            |       |     3 |     5 |     6 ||    14
  Eat: Bread ration      |     1 |     1 |     1 |     1 ||     4
       Beef jerky        |       |     1 |     2 |       ||     3
       Meat ration       |       |       |     4 |     1 ||     5
       Fruit             |       |       |       |     2 ||     2
Armor: Scale mail        |    64 |    76 |    46 |       ||   186
       Ring mail         |       |       |    10 |       ||    10
       Plate armour      |       |       |    70 |   133 ||   203
       Chain mail        |       |       |    38 |       ||    38
Dodge: Dodged            |    46 |    32 |   115 |    91 ||   284
Block: Shield            |    71 |    79 |   211 |   189 ||   550
